 Dungeon Crawl Stone Soup version 0.27-a0-421-g7ddf969dea (webtiles) character file.

Game seed: 10745094950270454102

95 Anon1729 the Grasshopper (level 4, 0/29 HPs)
             Began as an Octopode Warper on Feb 26, 2021.
             Slain by an ogre
             ... wielding a +0 giant spiked club
              (29 damage)
             ... on level 6 of the Dungeon.
             The game lasted 00:05:18 (2686 turns).

Anon1729 the Grasshopper (Octopode Warper)          Turns: 2686, Time: 00:05:18

Health: 0/29       AC:  1    Str: 10    XL:     4   Next: 65%
Magic:  7/7        EV: 13    Int: 21    God:
Gold:   199        SH:  0    Dex: 12    Spells: 1/7 levels left

rFire    . . .     SeeInvis .   a - +0 short sword
rCold    . . .     Faith    .   (no shield)
rNeg     . . .     Spirit   .   (helmet restricted)
rPois    .         Reflect  .   (no amulet)
rElec    .         Harm     .   j - +6 ring of intelligence
rCorr    .         Rampage  .   h - ring of willpower
Will     +....                  (no ring)
Stlth    ++++......             (no ring)
HPRegen  0.09/turn              (no ring)
MPRegen  0.10/turn              (no ring)
                                (no ring)
                                (no ring)

@: no status effects
A: almost no armour, stealthy swim, amphibious, 8 rings, constrict 8, camouflage
1, gelatinous body 1
a: no special abilities


You were on level 6 of the Dungeon.
You visited 1 branch of the dungeon, and saw 4 of its levels.

You collected 199 gold pieces.

Inventory:

Hand Weapons
 a - a +0 short sword (weapon)
 f - a +0 dagger
Missiles
 d - 3 boomerangs of dispersal (quivered)
 o - 5 boomerangs
Jewellery
 h - a ring of willpower (right tentacle)
 j - a +6 ring of intelligence (left tentacle)
Scrolls
 c - 2 scrolls of blinking
 e - 3 scrolls of teleportation {unknown}
 g - a scroll of magic mapping {unknown}
 i - a scroll of enchant weapon {unknown}
 l - 2 scrolls of identify {unknown}
Potions
 b - a potion of brilliance {unknown}
 k - a potion of mutation {unknown}
 m - a potion of flight {unknown}
 n - a potion of might {unknown}


   Skills:
 - Level 2.1 Fighting
 + Level 2.6 Short Blades
 - Level 1.0 Throwing
 - Level 2.7 Dodging
 + Level 2.3 Stealth
 - Level 2.1 Spellcasting
 + Level 4.0 Translocations


You had one spell level left.
You knew the following spells:

 Your Spells              Type           Power        Failure   Level
a - Manifold Assault      Tloc           19%          26%         4
b - Blink                 Tloc           N/A          4%          2

Your spell library contained the following spells:

 Spells                   Type           Power        Failure   Level
 Magic Dart               Conj           8%           14%         1
 Gell's Gravitas          Tloc           9%           9%          3
 Lesser Beckoning         Tloc           9%           9%          3
 Teleport Other           Tloc           19%          9%          3
 Call Imp                 Summ           2%           22%         2
 Slow                     Hex            2%           22%         2
 Conjure Flame            Conj/Fire      2%           41%         3
 Mephitic Cloud           Conj/Pois/Air  2%           41%         3


Dungeon Overview and Level Annotations

Branches:
Dungeon (3/15)

Altars:

Annotations:
D:3 Terence


Innate Abilities, Weirdness & Mutations

You cannot wear most types of armour.
You are very stealthy in the water. (Stealth+)
You are amphibious.
You can wear up to eight rings at the same time.
You can use your tentacles to constrict eight enemies at once.
Your skin changes colour to match your surroundings (Stealth+).
Your rubbery body absorbs attacks. (AC +1, EV +1)


Message History

No target in view!
No target in view!
No target in view!
No target in view!
No target in view!
No target in view!
No target in view!
No target in view!
Magic restored.
HP restored.
o - 5 boomerangs
Items here: )) ††.
Items here: )) [[ ††.
You open the door.
You fall into a shaft and drop 3 floors!
The shaft crumbles and collapses.
Found 18 gold pieces and 24 poisoned darts.
An ogre comes into view. It is wielding a +0 giant spiked club.
Unknown command.
An ogre is nearby!
An adder skeleton comes into view.
Found 2 viscous puce potions and a robe.
You see here 10 gold pieces.
The helpless ogre fails to defend itself.
You puncture the ogre!
The ogre is moderately wounded.
Unknown command.
You hit the ogre. You squeeze the ogre.
The ogre is heavily wounded.
The ogre misses you.
You hit the ogre.
The ogre is severely wounded.
The ogre closely misses you.
You closely miss the ogre.
The ogre is severely wounded.
You hit the ogre.
The ogre is almost dead.
The ogre hits you with a +0 giant spiked club!!
Ouch! That really hurt!
You die...

### .# #≈# .#
#≈# .# ##≈##.#
######.@.#.#
.......O.#.#
.......≈.#.#####
......###$..$..#
...... ##.###.#
.(.... .# ...##
Z# ... .# .. !#


You could see an ogre.

Vanquished Creatures
  A gnoll (D:2)
  An adder (D:2)
  An ooze (D:2)
  A dart slug (D:1)
  A leopard gecko (D:3)
  7 orcs
  A ball python (D:2)
  8 goblins
  10 hobgoblins
  5 jackals
  9 kobolds
  2 quokkas (D:2)
  2 bats (D:1)
  3 frilled lizards
  6 rats
58 creatures vanquished.

Notes
Turn   | Place    | Note
-------+----------+-------------------------------------------
     0 | D:1      | Anon1729 the Octopode Warper began the quest for the Orb.
     0 | D:1      | Reached XP level 1. HP: 14/14 MP: 3/3
   320 | D:1      | Reached XP level 2. HP: 19/19 MP: 5/5
   692 | D:2      | Reached XP level 3. HP: 24/24 MP: 6/6
  1075 | D:1      | Reached skill level 1 in Stealth
  1724 | D:2      | Reached XP level 4. HP: 29/29 MP: 7/7
  2225 | D:3      | Noticed Terence
  2230 | D:3      | Reached skill level 4 in Translocations
  2507 | D:2      | Learned a level 4 spell: Manifold Assault
  2510 | D:2      | Learned a level 2 spell: Blink
  2677 | D:3      | You fall into a shaft and drop 3 floors!
  2678 | D:6      | Noticed an ogre
  2686 | D:6      | Slain by an ogre

Illustrated notes

Levels and vault maps discovered:
D:1:      psy_arrival_terrarium, layout_loops_ring, minmay_quantized
D:2:      cheibrodos_greedy_goblins, layout_rooms
D:3:      kennysheep_big_flooded_room, layout_loops_ring,
          nicolae_overflow_crystal_walls, minmay_fractal_squares_gapless_5,
          uniq_terence, uniq_natasha
D:6:      layout_basic, serial_rivers, chequers_serial_rivers_large_b,
          chequers_serial_rivers_micro_b, chequers_serial_rivers_room_a,
          chequers_serial_rivers_large_a

Skill      XL: |  1  2  3  4 |
---------------+-------------+-----
Stealth        | 1 2 |  2.3
Translocations | 4 |  4.0
Fighting       | |  2.1
Short Blades   | |  2.6
Throwing       | |  1.0
Dodging        | |  2.7
Spellcasting   | |  2.1

Action                   |  1- 3 |  4- 6 || total
-------------------------+-------+-------++-------
Melee: Short sword       |    81 |    57 ||   138
       Tentacles         |    18 |    10 ||    28
       Constrict         |    21 |    10 ||    31
Throw: Boomerang         |     2 |       ||     2
 Cast: Manifold Assault  |       |     1 ||     1
 Stab: Sleeping          |     8 |     3 ||    11
Armor: Skin              |     6 |     2 ||     8
Dodge: Dodged            |    49 |    23 ||    72

Table legend: (Time is in decaauts)
 A = Elapsed time spent in this place.
 B = Non-inter-level travel time spent in this place.
 C = Inter-level travel time spent in this place.
 D = Time resting spent in this place.
 E = Time spent auto-exploring this place.
 F = Levels seen in this place.
 G = Mean time per level.
                   A        B        C        D        E       F      G
               +--------+--------+--------+--------+--------+-----+--------+
         Total |   2687 |   2646 |     41 |    445 |   1680 |   4 |  671.8 |
       Dungeon |   2687 |   2646 |     41 |    445 |   1680 |   4 |  671.8 |
               +--------+--------+--------+--------+--------+-----+--------+

Top non-repeatable levels by time:
     D:2: 1312 daAuts
     D:1: 1191 daAuts
     D:3: 176 daAuts
     D:6: 8 daAuts
